 Dungeon Crawl Stone Soup version 0.30-a0-1043-g60ff8d5f49 (webtiles) character file.

Game seed: 10464664351281232410

29374 Pimp the Carver (level 13, -1/84 HPs)
             Began as a Gargoyle Monk on Apr 10, 2023.
             Was a High Priest of Sif Muna.
             Shot with an arrow by a centaur warrior (14 damage)
             ... on level 2 of the Orcish Mines.
             The game lasted 00:45:59 (12620 turns).

Pimp the Carver (Gargoyle Monk)                    Turns: 12620, Time: 00:45:59

Health: -1/84      AC: 21    Str: 15    XL:     13   Next: 44%
Magic:  23/23      EV: 13    Int: 18    God:    Sif Muna [*****.]
Gold:   1311       SH:  0    Dex: 12    Spells: 25/25 levels left

rFire   + . .      SeeInvis .    v - +11 great sword "Meix Laa" {speed, rN+++ Will- Int+4}
rCold   . . .      Faith    .    (shield currently unavailable)
rNeg    + + +      Spirit   .    m - +3 ring mail of the Shrinking Gods {+Inv rF+ Will++ Regen+}
rPois   ∞          Reflect  .    r - +1 helmet
rElec   +          Rampage  .    l - +0 cloak
rCorr   .                        O - +0 pair of gloves
Will    ++...                    (no boots)
Stlth   ++++                     (no amulet)
HPRegen 1.14/turn                p - ring of willpower
MPRegen 0.18/turn                y - ring of positive energy

@: no status effects
A: sickness immunity, AC +9, negative energy resistance 1, electricity
resistance, torment resistance 1, petrification resistance, dopey 1, wild magic
1
a: Renounce Religion, Evoke Invisibility, Channel Magic, Forget Spell, Divine
Exegesis


You were on level 2 of the Orcish Mines.
You worshipped Sif Muna.
Sif Muna was extremely pleased with you.
You visited 3 branches of the dungeon, and saw 15 of its levels.
You also visited: Bailey and Ice Cave.

You collected 1311 gold pieces.

Inventory:

Hand Weapons
 s - a +2 heavy mace
 v - the +11 great sword "Meix Laa" (weapon) {speed, rN+++ Will- Int+4}
   (You found it on level 4 of the Dungeon)

   Int:       It affects your intelligence (+4).
   rN:        It renders you almost immune to negative energy.
   Will:      It decreases your willpower.
 E - a +6 scimitar of flaming
Armour
 a - the +5 chain mail of Scuffed Joy {rN++ Str-3 Dex+2}
   (You found it in a bailey)

   Str:       It affects your strength (-3).
   Dex:       It affects your dexterity (+2).
   rN:        It greatly protects you from negative energy.
 l - a +0 cloak (worn)
 m - the +3 ring mail of the Shrinking Gods (worn) {+Inv rF+ Will++ Regen+}
   (You acquired it on level 6 of the Dungeon)

   rF:        It protects you from fire.
   +Inv:      It lets you turn invisible.
   Regen:     It increases your rate of health regeneration.
   Will:      It greatly increases your willpower.
 n - the +1 robe of Shadows and Fog {*Corrode Regen+ Dex+2}
   (You found it on level 2 of the Dungeon)

   Dex:       It affects your dexterity (+2).
   Regen:     It increases your rate of health regeneration.
   *Corrode:  It may corrode you when you take damage.
 r - a +1 helmet (worn)
 z - a +10 plate armour of ponderousness
 O - a +0 pair of gloves (worn)
Jewellery
 e - a ring of wizardry
 p - a ring of willpower (left hand)
 t - a ring of magical power
 y - a ring of positive energy (right hand)
 F - a ring of positive energy
Wands
 f - a wand of digging (9)
 i - a wand of polymorph (21)
 k - a wand of light (17)
 x - a wand of roots (31) (quivered)
 B - a wand of mindburst (23)
 C - a wand of flame (25)
 M - a wand of paralysis (7)
Scrolls
 b - 2 scrolls of immolation
 g - a scroll of blinking
 A - a scroll of fog
 D - 4 scrolls of teleportation
 J - a scroll of brand weapon
Potions
 c - 2 potions of ambrosia
 d - 8 potions of curing
 h - 2 potions of magic {unknown}
 o - 3 potions of attraction
 q - 2 potions of cancellation
 u - 2 potions of might
 w - 3 potions of heal wounds
 G - 2 potions of lignification
 H - 3 potions of brilliance
 N - a potion of berserk rage {unknown}


   Skills:
 + Level 11.0 Fighting
 * Level 12.2 Long Blades
 - Level 3.8 Maces & Flails
 + Level 8.5 Dodging
 + Level 11.7 Stealth
 + Level 6.9 Spellcasting


You had 25 spell levels left.
You didn't know any spells.
Your spell library contained the following spells:

 Spells                   Type           Power      Damage    Failure   Level
 Kiss of Death            Conj/Necr      32%        2d7       30%         1
 Ensorcelled Hibernation  Hex/Ice        16%        N/A       41%         2
 Call Canine Familiar     Summ           8%         N/A       63%         3
 Gell's Gravitas          Tloc           8%         N/A       63%         3
 Portal Projectile        Hex/Tloc       16%        N/A       63%         3
 Teleport Other           Tloc           8%         N/A       63%         3
 Anguish                  Hex/Necr       4%         N/A       95%         4
 Cause Fear               Hex            4%         N/A       95%         4
 Dispel Undead            Necr           8%         3d8       95%         4
 Leda's Liquefaction      Hex/Erth       4%         N/A       95%         4
 Petrify                  Tmut/Erth      8%         N/A       95%         4
 Summon Mana Viper        Hex/Summ       8%         N/A       100%        5
 Death Channel            Necr           4%         N/A       100%        6
 Dispersal                Tloc           4%         N/A       100%        6
 Eringya's Noxious Bog    Tmut/Pois      4%         N/A       100%        6
 Dragon Form              Tmut           4%         N/A       100%        7
 Enfeeble                 Hex            4%         N/A       100%        7
 Haunt                    Necr/Summ      4%         N/A       100%        7
 Monstrous Menagerie      Summ           4%         N/A       100%        7
 Chain Lightning          Conj/Air       4%         3d5       100%        9
 Cigotuvi's Dreadful Rot  Necr/Pois/Air  Unusable   N/A       N/A         2

Dungeon Overview and Level Annotations

Branches:
Dungeon (12/15)            Temple (1/1) D:4            Lair (0/5) D:11
    Orc (2/2) D:12         Bailey (visited)           IceCv (visited)
    Elf: Orc:2

Altars:
Ashenzari
Cheibriados
Dithmenos
Elyvilon
Fedhas
Gozag
Hepliaklqana
Kikubaaqudgha
Makhleb
Nemelex Xobeh
Okawaru
Qazlal
Ru
Sif Muna
Trog
Uskayaw
Vehumet
Wu Jian
Xom
Yredelemnul
Zin
The Shining One

Shops:
D:3 =(?[

Annotations:
D:10 exclusion: ice statue


Innate Abilities, Weirdness & Mutations

You are immune to sickness and miasma.
Your stone body is resilient. (AC +9)
You are immune to poison.
You resist negative energy. (rN+)
You are resistant to electric shocks. (rElec)
You are resistant to unholy torment.
You are immune to petrification.
You are dopey. (Int -2)
Your spells are a little harder to cast, but a little more powerful.


Message History

The orc warrior is almost dead.
The orc shoots a bolt.
The bolt misses you.
You slash the orc warrior!
You kill the orc warrior!
Sif Muna accepts your kill.
The orc warrior shoots a bolt.
The bolt barely misses you.
The orc warrior shoots a bolt.
The bolt hits you but does no damage.
A centaur warrior comes into view.
The orc warrior shoots a bolt.
The bolt closely misses you.
The orc warrior shoots a bolt.
The bolt hits you but does no damage.
The cyclops throws a large rock.
The large rock hits you!! The orc warrior closely misses you.
The orc warrior unwields a +0 arbalest.
The orc warrior wields a +0 battleaxe.
The orc warrior barely misses you.
Things that are here:
a +0 leather armour; a +0 short sword The centaur warrior shouts!
You slash the orc!
You kill the orc!
Sif Muna accepts your kill.
The centaur warrior wields a +0 shortbow.
The centaur warrior shoots an arrow.
The arrow hits you.
The orc warrior unwields a +0 arbalest.
The orc warrior wields a +0 glaive.
The orc warrior hits you but does no damage. x2
The orc warrior hits you with a +0 battleaxe!
You slice the orc warrior!!
The orc warrior is heavily wounded.
The centaur warrior shoots an arrow.
The arrow hits you.
You closely miss the orc warrior.
The orc warrior is heavily wounded.
The orc warrior hits you but does no damage.
The orc warrior barely misses you. The orc warrior completely misses you.
The centaur warrior shoots an arrow.
The arrow hits you.
The centaur warrior shoots an arrow.
The arrow hits you!!
The orc warrior hits you with a +0 glaive!
* * * LOW HITPOINT WARNING * * *
The centaur warrior shoots an arrow.
The arrow hits you.
* * * LOW HITPOINT WARNING * * *
The orc warrior barely misses you.
The centaur warrior shoots an arrow.
The arrow hits you!
You die...

########.o..... ##.#.##).....# .
#......#.#.... . #.....
##.#....#.#... . ....### ###
##.....)).... .# ....#.##
###.#####.[...##).... ..
#.....###.[.)#.#.#.....##....
..###....#....[[#o[.......##.....
.†#..#..#.....##@o[).......#.....
.............##..[o..............
..........#.#.##)#.[.......#.....
....##..#..#.....................
...$......<.......#...C..........
....................#.......
..............c......#......
................#.........
........#.................


You could see a centaur warrior, a cyclops and 3 orc warriors.

Vanquished Creatures
  A quicksilver ooze (IceCv)
  Josephine (D:10)
  A two-headed ogre (D:12)
  A centaur warrior (D:12)
  Urug (D:11)
  A deep elf pyromancer (Bailey)
  Pikel (D:5)
  2 orc knights
  2 orc sorcerers
  A manticore (D:12)
  Maurice (D:10)
  Joseph (D:7)
  3 gargoyles (D:12)
  2 unseen horrors
  Psyche (D:9)
  A komodo dragon (D:10)
  3 trolls
  Sigmund (D:5)
  19 slime creatures (IceCv)
  A vampire (D:10)
  3 shadows
  7 wyverns
  21 yaks
  5 wraiths
  A basilisk (D:11)
  Eustachio (D:5)
  11 vampire mosquitoes
  6 wargs
  5 water moccasins (D:11)
  An ice beast (D:5)
  22 orc warriors
  A black bear (D:8)
  4 great orb of eyes simulacra (IceCv)
  2 ogres
  4 wolves
  16 centaurs
  3 phantoms
  3 slime creature simulacra (IceCv)
  2 kobold brigands (D:6)
  7 bullfrogs
  2 glowing shapeshifter simulacra (IceCv)
  4 scorpions
  10 wights
  A troll zombie (D:12)
  17 killer bees
  6 howler monkeys
  5 hounds
  10 orc priests
  Crazy Yiuf (D:6)
  2 jellies
  2 sleepcaps (D:5)
  Ijyb (D:5)
  3 iguanas
  21 orc wizards
  5 shapeshifter simulacra (IceCv)
  5 ogre zombies (D:12)
  8 adders
  A shadow imp (D:6)
  A white imp (D:6)
  An ufetubus (D:4)
  49 orcs
  10 ball pythons
  11 endoplasms
  3 giant cockroaches
  12 goblins
  3 hobgoblins
  3 jackals (D:1)
  14 kobolds
  4 quokkas
  5 bats
  4 frilled lizards
  2 goblin skeletons (D:12)
  A hobgoblin skeleton (D:12)
  3 hobgoblin zombies (D:12)
  2 orc skeletons (D:12)
  11 orc zombies (D:12)
  4 rats
417 creatures vanquished.

Vanquished Creatures (others)
  4 fungi (D:11)
  19 plants (D:11)
23 creatures vanquished.

Grand Total: 440 creatures vanquished

Notes
Turn   | Place    | Note
-------+----------+-------------------------------------------
     0 | D:1      | Pimp the Gargoyle Monk began the quest for the Orb.
     0 | D:1      | Reached XP level 1. HP: 14/14 MP: 1/1
    89 | D:1      | Reached XP level 2. HP: 14/19 MP: 2/2
   543 | D:2      | Reached XP level 3. HP: 12/23 MP: 3/3
   824 | D:2      | Found a glowing silver altar of Zin.
   862 | D:2      | Reached XP level 4. HP: 21/29 MP: 4/4
   916 | D:2      | Noticed a floating eye
   918 | D:2      | Found a faded altar of an unknown god.
   919 | D:2      | Noticed a golden eye
   919 | D:2      | Noticed a great orb of eyes
   919 | D:2      | Noticed a golden eye
   984 | D:2      | Identified the +1 robe of Shadows and Fog {*Corrode Regen+
                  | Dex+2}
  1409 | D:3      | Found Jugiduco's Armour Emporium.
  1600 | D:3      | Found Niacw's Jewellery Boutique.
  1699 | D:3      | Found Qycot's Magic Scroll Boutique.
  1705 | D:3      | Found Dyareag's Weapon Shop.
  1912 | D:4      | Reached XP level 5. HP: 25/33 MP: 5/5
  2092 | D:4      | Identified the +11 great sword "Meix Laa" {speed, rN+++
                  | Will- Int+4}
  2178 | D:4      | Found a staircase to the Ecumenical Temple.
  2183 | Temple   | Entered the Ecumenical Temple
  2437 | Temple   | Became a worshipper of Sif Muna the Loreminder
  2437 | Temple   | Reached * piety under Sif Muna
  2437 | Temple   | Reached ** piety under Sif Muna
  2496 | D:4      | Noticed a phantom
  2501 | D:4      | Reached skill level 1 in Long Blades
  2510 | D:4      | Killed a phantom
  2511 | D:4      | Reached XP level 6. HP: 39/39 MP: 6/6
  2805 | D:4      | Reached skill level 2 in Long Blades
  2879 | D:5      | Entered Level 5 of the Dungeon
  2884 | D:5      | Noticed Sigmund
  2917 | D:5      | Noticed Ijyb
  2980 | D:5      | Noticed an ice beast
  3008 | D:6      | Reached skill level 5 in Fighting
  3008 | D:6      | Reached XP level 7. HP: 44/44 MP: 7/7
  3032 | D:6      | Reached skill level 3 in Long Blades
  3047 | D:5      | Reached skill level 5 in Stealth
  3149 | D:5      | Reached XP level 8. HP: 46/50 MP: 8/8
  3152 | D:5      | Reached skill level 4 in Long Blades
  3178 | D:5      | Killed Sigmund
  3207 | D:5      | Killed Ijyb
  3636 | D:5      | Noticed Eustachio
  3644 | D:5      | Killed Eustachio
  3673 | D:5      | Noticed Pikel
  3683 | D:5      | Killed Pikel
  3684 | D:5      | Reached skill level 5 in Long Blades
  3684 | D:5      | Reached XP level 9. HP: 34/56 MP: 9/9
  4026 | D:6      | Reached skill level 5 in Dodging
  4166 | D:6      | Identified a scroll of acquirement
  4166 | D:6      | Acquired the +3 ring mail of the Shrinking Gods {+Inv rF+
                  | Will++ Regen+}
  4215 | D:6      | Reached skill level 6 in Long Blades
  4222 | D:6      | Reached *** piety under Sif Muna
  4319 | D:6      | Found a runed translucent door.
  4320 | D:6      | Noticed Crazy Yiuf
  4675 | D:6      | Killed Crazy Yiuf
  4786 | D:7      | Found a flagged portal.
  4802 | Bailey   | Entered a bailey
  4848 | Bailey   | Noticed an orc knight
  4946 | Bailey   | Killed an orc knight
  4947 | Bailey   | Reached skill level 7 in Long Blades
  4947 | Bailey   | Reached skill level 1 in Spellcasting
  4966 | Bailey   | Reached XP level 10. HP: 42/63 MP: 10/12
  5007 | Bailey   | Gained mutation: Your body sometimes deteriorates upon
                  | taking damage. [potion of mutation]
  5008 | Bailey   | Lost mutation: Your body sometimes deteriorates upon taking
                  | damage. [potion of mutation]
  5008 | Bailey   | Gained mutation: You are dopey. (Int -2) [potion of
                  | mutation]
  5008 | Bailey   | Gained mutation: Your spells are a little harder to cast,
                  | but a little more powerful. [potion of mutation]
  5053 | Bailey   | Found a large runed translucent door.
  5053 | Bailey   | Found a large runed translucent door.
  5054 | Bailey   | Noticed a deep elf pyromancer
  5084 | Bailey   | Killed a deep elf pyromancer
  5097 | Bailey   | Identified the +5 chain mail of Scuffed Joy {rN++ Str-3
                  | Dex+2}
  5280 | D:7      | Reached **** piety under Sif Muna
  5504 | D:7      | Noticed Joseph
  5524 | D:7      | Killed Joseph
  5525 | D:7      | Reached skill level 8 in Long Blades
  6334 | D:8      | Found a glowing silver altar of Zin.
  6680 | D:8      | Found a shadowy altar of Dithmenos.
  6684 | D:8      | Found an iron altar of Okawaru.
  6694 | D:8      | Found an opulent altar of Gozag.
  6800 | D:9      | Noticed Psyche
  6809 | D:9      | Killed Psyche
  6810 | D:9      | Reached XP level 11. HP: 65/69 MP: 16/16
  7012 | D:9      | Reached skill level 9 in Long Blades
  7385 | D:10     | Entered Level 10 of the Dungeon
  7519 | D:10     | Noticed Maurice
  7533 | D:10     | Killed Maurice
  8315 | D:11     | Found a staircase to the Lair.
  8419 | D:11     | Noticed Urug
  8473 | D:11     | Killed Urug
  8474 | D:11     | Reached skill level 10 in Long Blades
  8534 | D:11     | Reached skill level 10 in Stealth
  8696 | D:11     | Reached XP level 12. HP: 46/76 MP: 19/19
  8762 | D:11     | Reached skill level 5 in Spellcasting
  8902 | D:11     | Noticed Josephine
  9069 | D:10     | Killed Josephine
  9194 | D:11     | Reached ***** piety under Sif Muna
  9315 | D:11     | Received a gift from Sif Muna
  9581 | D:12     | Reached skill level 10 in Fighting
  9772 | D:12     | Found a staircase to the Orcish Mines.
 10008 | D:12     | Noticed a centaur warrior
 10028 | D:12     | Killed a centaur warrior
 10029 | D:12     | Reached skill level 11 in Long Blades
 10444 | D:12     | Noticed a two-headed ogre
 10453 | D:12     | Killed a two-headed ogre
 10540 | Orc:1    | Entered Level 1 of the Orcish Mines
 11096 | Orc:1    | Received a gift from Sif Muna
 11104 | Orc:1    | Got Gann's Vellum of Obstruction and Blows {god gift}
 11394 | Orc:2    | Entered Level 2 of the Orcish Mines
 11502 | Orc:2    | Found a frozen archway.
 11519 | Orc:2    | Reached XP level 13. HP: 83/83 MP: 22/22
 11536 | IceCv    | Entered an ice cave
 11810 | IceCv    | Noticed a quicksilver ooze
 11827 | IceCv    | Killed a quicksilver ooze
 12178 | IceCv    | Reached skill level 12 in Long Blades
 12299 | IceCv    | Received a gift from Sif Muna
 12302 | IceCv    | Got Sif Muna's Octavo of Modification and the Comitatus
                  | {god gift}
 12321 | IceCv    | Noticed a quicksilver ooze
 12352 | IceCv    | Noticed a quicksilver ooze
 12352 | IceCv    | Noticed an azure jelly
 12352 | IceCv    | Found a viscous altar of Jiyva.
 12620 | Orc:2    | Shot with an arrow by a centaur warrior

Illustrated notes

Levels and vault maps discovered:
D:1:      ebering_trefoil_3fold, layout_rooms, minmay_tetromino_o4
D:2:      minmay_inner_zag, layout_rooms, basic_altar,
          hellmonk_ecumenical_altar_watching_god, mrwooster_statue_mirror,
          kennysheep_generic_room_9
D:3:      layout_loops_cross, serial_shops, shop, shop, nicolae_diamond_shop,
          shop
D:4:      layout_rooms, temple_doors_cd, roderic_lattice_a
D:5:      layout_basic, uniq_eustachio, uniq_sigmund, uniq_pikel, uniq_ijyb
D:6:      layout_basic, chequers_serial_rivers_micro_d,
          chequers_serial_rivers_small_b, st_stairs_6, uniq_crazy_yiuf_cottage
D:7:      layout_cave_pods, serial_glass, glass_columns_b, glass_columns_b,
          item_on_display_a, enter_bailey_3, uniq_joseph
D:8:      layout_loops_cross, zin_treasury, minmay_overflow_temple_star_quad,
          corner_web_ring
D:9:      layout_basic, uniq_psyche
D:10:     layout_irregular_city, minivault_16, grunt_decor_arrowhead,
          uniq_maurice
D:11:     layout_long_grid, minmay_lair_entry_grove, serial_bayou_pond_e,
          uniq_josephine, uniq_urug
D:12:     layout_stronghold, zombieorc1_lemuel
Temple:   dpeg_five_rooms_temple
Orc:1:    layout_caves
Orc:2:    st_orc_rangers, layout_caves, serial_shops, shop,
          nicolae_shop_crystal, nicolae_square_shop, shop, shop,
          portal_ice_cave_entry_pillars_1, mines5_lemuel

Skill      XL: |  1  2  3  4  5  6  7  8  9 10 11 12 13 |
---------------+----------------------------------------+-----
Stealth        | 3 4 5 6 7 9 10 11 | 11.7
Fighting       | 4 5 6 7 8 9 10 11 | 11.0
Dodging        | 3 4 5 6 7 8 |  8.5
Long Blades    | 1 2 3 5 7 8 10 11 12 | 12.2
Spellcasting   | 1 3 4 6 |  6.9
Maces & Flails | |  3.8

Action                     |  1- 3 |  4- 6 |  7- 9 | 10-12 | 13-15 || total
---------------------------+-------+-------+-------+-------+-------++-------
  Melee: Mace              |   109 |    75 |       |       |       ||   184
         Punch             |     2 |     2 |       |       |       ||     4
         Great sword       |       |    34 |   151 |   679 |   227 ||  1091
  Evoke: Wand              |       |       |     3 |     1 |     2 ||     6
    Use: Scroll            |       |     2 |    12 |     8 |     9 ||    31
         Potion            |       |       |     2 |     5 |     3 ||    10
   Stab: Sleeping          |     5 |     5 |     4 |    17 |     2 ||    33
 Armour: Robe              |    30 |    44 |    17 |       |       ||    91
         Leather armour    |    11 |     2 |       |       |       ||    13
         Skin              |     1 |       |       |       |       ||     1
         Ring mail         |       |       |    40 |   496 |   126 ||   662
  Dodge: Dodged            |   112 |    74 |   104 |   538 |   160 ||   988

Table legend: (Time is in decaauts)
 A = Elapsed time spent in this place.
 B = Non-inter-level travel time spent in this place.
 C = Inter-level travel time spent in this place.
 D = Time resting spent in this place.
 E = Time spent auto-exploring this place.
 F = Levels seen in this place.
 G = Mean time per level.
                   A        B        C        D        E       F      G
               +--------+--------+--------+--------+--------+-----+--------+
         Total |  12481 |  11925 |    556 |   1266 |   6993 |  17 |  734.2 |
       Dungeon |   9988 |   9553 |    435 |    727 |   6397 |  12 |  832.3 |
        Temple |    304 |    217 |     87 |      0 |    192 |   1 |  304.0 |
  Orcish Mines |   1047 |   1013 |     34 |    213 |    381 |   2 |  523.5 |
        Bailey |    338 |    338 |      0 |     26 |     15 |   1 |  338.0 |
      Ice Cave |    802 |    802 |      0 |    300 |      8 |   1 |  802.0 |
               +--------+--------+--------+--------+--------+-----+--------+

Top non-repeatable levels by time:
    D:10: 1160 daAuts
    D:12: 1158 daAuts
     D:6: 938 daAuts
    D:11: 924 daAuts
     D:7: 903 daAuts
     D:5: 853 daAuts
     D:2: 812 daAuts
     D:8: 811 daAuts
   IceCv: 802 daAuts
   Orc:1: 784 daAuts
     D:4: 753 daAuts
     D:3: 626 daAuts
     D:9: 580 daAuts
     D:1: 465 daAuts
  Bailey: 338 daAuts
